Unix NetHack Version 5.0.0-0 post-release - last build May 23 2026 06:08:33 (1c0ff79ee797540d5714e4e18072db0edd9e58ae,branch:main).

Game began 2026-05-23 00:54:13, ended 2026-05-23 11:14:21.

Kwijibo4686, neutral female human Valkyrie

                                       ----------------        -------
       ------                          |..............|        |.....|
       |(...|          ----------     #...............|        |..>..|
       |...<|    ######.........|  ####|..............|        |.....|
       |...`.#####     |.^....{.| ##   -----------.----        |.....|
       |....|          |........-##               #            -----.-
       --|-.-          |........|                 #               ###
     #######           |........|                 #               #
    ###             ###.........|                 #               #
    ##            ###  --------.-################&qG####          *
    ##         ` ##            ###      ----------@----#         ##
   -.-----  `#####                      |..............##%##### ##
   |....M.(##  #                        |..........q..|    #--|-)--
   |.....| #####                        |.............|    #|..[..|
   |.....|#                             |<............|    #......|
   -------                              |.............|     |..)..|
                                        ---------------     -------

Kwijibo4686 the Woman-at-arms  St:18/03 Dx:15 Co:16 In:8 Wi:11 Ch:10  Neutral
Dlvl:6  $:691 HP:0(72) Pw:25(25) AC:-3 Xp:10 T:12401  Satiated Hallu

Latest messages:
 The werejackal hits!
 The mastodon hits!
 The master mind flayer tries to take your suit but gives up.
 The dwarf mummy bites!
 The poison cackler hits!
 The Mordor orc misses!
 The fire vortex bites!
 The pyrolisk hits!
 The barbed devil hits!
 The freezing sphere hits!
 The rabid rat tries to take your brass ring but gives up.
 The nalfeshnee misses!
 The leather golem misses!
 The silver dragon misses!
 The titan hits!
 The kitten tries to steal your brown potion but gives up.
 The master mind flayer misses!
 The cobra hits!
 The conventioneer hits!
 The displacer beast hits!
 Audrey II tries to steal your helm but gives up.
 Lord British bites!
 The hobbit misses!
 The large cat bites!
 The centipede hits!
 The elf-lady just misses!
 The black unicorn bites!
 The walking disk drive hits!
 The Ancient Multi-Hued Dragon tries to grab your shield but gives up.
 The elf-lady just misses!
 The diagonally moving grid bug misses!
 The hobgoblin misses!
 The mortar orc misses!
 The hill orc hits!
 The kobold zombie hits!
 The baby red dragon tries to steal your unlabeled scroll but gives up.
 The Angel bites!
 The wiggle hits!
 The third eye hits!
 The gonzo journalist tries to steal your boots but gives up.
 The baby yellow dragon hits!
 The gooier ooze misses!
 The panther hits!
 The doppelganger hits!
 You die...
 Do you want your possessions identified? [ynq] (y) y
 Do you want to see your attributes? [ynq] (y) y
 Do you want an account of creatures vanquished? [ynaq] (y) y
 Do you want to see your conduct and achievements? [ynq] (y) y
 Do you want to see the dungeon overview? [ynq] (y) y

Inventory:
 Coins    ('$')
  $ - 691 gold pieces
 Weapons  (')')
  z - a +0 spear (weapon in left hand)
  a - a rusty +1 spear
 Armor    ('[')
  y - an uncursed +0 dwarvish iron helm (being worn)
  K - a cursed -1 pair of gauntlets of fumbling
  C - an uncursed +0 pair of leather gloves
  o - an uncursed +0 pair of elven boots
  T - an uncursed +0 pair of kicking boots (being worn)
  c - an uncursed +3 small shield (being worn)
  L - a blessed +0 alchemy smock with text "If you can't stand the heat, get out of Gehennom!"
  Y - an uncursed +0 mummy wrapping
  x - an uncursed +0 dwarvish mithril-coat (being worn)
 Comestibles  ('%')
  d - 6 uncursed food rations
  r - 2 uncursed lembas wafers
  I - 2 uncursed tripe rations
  W - an uncursed lizard corpse
 Scrolls  ('?')
  J - a cursed scroll of amnesia
  s - a blessed scroll of blank paper
  h - a blessed scroll of food detection
  P - an uncursed scroll of genocide
  j - a blessed scroll of light
  t - 2 uncursed scrolls of teleportation
 Potions  ('!')
  m - an uncursed potion of confusion
  Z - an uncursed potion of extra healing
  U - an uncursed potion of fruit juice
  F - a cursed potion of restore ability
 Rings    ('=')
  p - a blessed +3 ring of increase damage
  N - an uncursed ring of polymorph control
  l - a cursed ring of polymorph control
  Q - an uncursed +2 ring of protection
  O - an uncursed ring of sustain ability
  n - an uncursed ring of teleport control
 Wands    ('/')
  i - a wand of digging (0:7)
  A - a wand of magic missile (0:0)
  u - a wand of opening (0:5)
  w - a wand of striking (0:0)
  H - a wand of teleportation (0:6)
 Tools    ('(')
  D - a bag of tricks (0:18)
  E - a cursed magic lamp (lit)
  G - an uncursed stethoscope
  b - an uncursed towel
  V - a +0 unicorn horn

Kwijibo4686 the Valkyrie's attributes:

Background:
 You were a Woman-at-arms, a level 10 human Valkyrie.
 You were neutral, on a mission for Odin
 who was opposed by Tyr (lawful) and Loki (chaotic).
 You were left-handed.
 You were in the Dungeons of Doom, on level 6.
 You entered the dungeon 12401 turns ago.
 You had 5333 experience points, 4667 more were needed to attain level 11.

Basics:
 You had 0 out of 72 hit points.
 You had all 25 energy points (spell power).
 Your armor class was -3.
 Your wallet contained 691 imperial credits.
 Autopickup was on for '$?!/="' plus thrown.

Final Characteristics:
 Your strength was 18/03 (limit:18/100).
 Your dexterity was 15 (limit:18).
 Your constitution was 16 (limit:18).
 Your intelligence was 8 (limit:18).
 Your wisdom was 11 (limit:18).
 Your charisma was 10 (limit:18).

Final Status:
 You were hallucinating.
 You were satiated.
 You were unencumbered.
 You were wielding a spear.
 You had expert skill with spear.

Final Attributes:
 You were piously aligned.
 You were cold resistant.
 You were stealthy.
 You were guarded.
 You were fast.
 You are dead.

Miscellaneous:
 You didn't encounter any bones levels.
 Total elapsed playing time was 1 hour, 30 minutes and 14 seconds.

Major events:
 Turn
    1: Kwijibo4686 the neutral human Valkyrie entered the dungeon
  960: entered the Gnomish Mines
  975: attained the rank of Skirmisher (level 3)
 1648: reached Mine Town
 1793: attained the rank of Fighter (level 6)
 4313: entered Sokoban
 5071: completed 1st Sokoban level
 5338: completed 2nd Sokoban level
 5579: completed 3rd Sokoban level
10382: attained the rank of Woman-at-arms (level 10)
11889: entered Home 1, the Quest
12401: killed by a hallucinogen-distorted hill orc, while frozen by a floating eye's gaze

You didn't know any spells.

Skills:
 Fighting Skills
   bare handed combat [Unskilled]
   two weapon combat  [Unskilled]
   riding             [Unskilled]
 Weapon Skills
   dagger             [Basic]
   axe                [Unskilled]
   pick-axe           [Unskilled]
   short sword        [Unskilled]
   broadsword         [Unskilled]
   long sword         [Unskilled]
   two-handed sword   [Unskilled]
   saber              [Unskilled]
   hammer             [Unskilled]
   quarterstaff       [Unskilled]
   polearms           [Unskilled]
   spear              [Expert]
   trident            [Unskilled]
   lance              [Unskilled]
   sling              [Unskilled]
 Spellcasting Skills
   attack spells      [Unskilled]
   escape spells      [Unskilled]

Voluntary challenges:
 Character rerolling was not enabled.
 You never genocided any monsters.
 You never polymorphed an object.
 You never changed form.
 You used no wishes.
 You did not violate any of the special Sokoban rules.
Achievements:
 You entered the Gnomish Mines.
 You attained the rank of Skirmisher.
 You entered Minetown.
 You entered a shop.
 You entered a temple.
 You attained the rank of Fighter.
 You entered Sokoban.
 You attained the rank of Woman-at-arms.

 The Dungeons of Doom: levels 1 to 15
    Level 1:
       A fountain.
    Level 2:
       An altar.
    Level 3:
    Level 4:
       A fountain, a grave.
       Stairs down to The Gnomish Mines.
    Level 5:
       Many fountains.
    Level 6: <- You were here.
       A fountain.
       Stairs up to Sokoban, level 5.
       Final resting place for
          you, killed by a hallucinogen-distorted hill orc, while frozen by a floating eye's gaze.
    Level 7:
       A grave.
    Level 8:
       A potion shop.
    Level 9:
       A general store, a fountain.
    Level 10:
    Level 11:
       A general store, a fountain.
       Summoned by the Norn.
       Portal to The Quest.
    Level 12:
    Level 13:
       A ring shop, a fountain, a grave.
    Level 14:
       A scroll shop, a fountain.
    Level 15:
       A primitive area.
 The Gnomish Mines: levels 5 to 11
    Level 5:
    Level 6:
    Level 7:
       Many shops, a temple and an altar, some fountains.
    Level 8:
    Level 9:
    Level 10:
    Level 11: "green dragon + poly trap"
 The Quest:
    Level 1:
       A fountain.
       Home.
 Sokoban: levels 5 up to 2
    Level 2:
       Unsolved.
    Level 3:
       Solved.
    Level 4:
       Solved.
    Level 5:
       Solved.


Vanquished creatures:
  a ghost
  a doppelganger
  a stalker
  a giant zombie
  2 wargs
  3 winter wolves
  3 small mimics
  2 ettin mummies
  a dwarf ruler
  2 tengu
  2 cobras
  3 quivering blobs
  4 wolves
  a lynx
  a panther
 28 leprechauns
  3 giant spiders
  a scorpion
  a horse
  2 black lights
  a vampire bat
  4 gnome rulers
 an ogre
  2 owlbears
  a gold golem
  a werewolf
  a Green-elf
  2 lizards
  2 chickatrices
  a jaguar
  a blue jelly
  2 white unicorns
  2 dust vortices
  a raven
  a snake
 an ape
  3 human zombies
  a soldier ant
  3 fire ants
  4 bugbears
  a quasit
  a wood nymph
  2 water nymphs
  a mountain nymph
  2 Mordor orcs
 an orc shaman
  a rock piercer
  a rock mole
  a pony
  a fog cloud
  3 yellow lights
  a shrieker
 10 gnome leaders
  5 gnomish wizards
  5 kobold mummies
  a guardian naga hatchling
  a gray ooze
  a barrow wight
  7 giant ants
  a little dog
  a floating eye
  2 kittens
 13 dwarves
  a homunculus
  2 hill orcs
  a rothe
  2 rabid rats
  2 centipedes
  a giant bat
 an orc zombie
  6 dwarf zombies
  3 wererats
  2 werejackals
  3 iguanas
  2 killer bees
  2 acid blobs
  a coyote
  a gas spore
  a hobbit
  9 manes
  a hobgoblin
  5 giant rats
  7 cave spiders
  a brown mold
  2 yellow molds
  a green mold
  a red mold
 54 gnomes
  6 garter snakes
  2 gnome zombies
  3 geckos
  4 jackals
  3 kobolds
  2 goblins
  4 sewer rats
 15 grid bugs
  3 bats
  5 lichens
  a kobold zombie
  7 newts
328 creatures vanquished.

No species were genocided or became extinct.

Game over:
                       ----------
                      /          \
                     /    REST    \
                    /      IN      \
                   /     PEACE      \
                  /                  \
                  |   Kwijibo4686    |
                  |      691 Au      |
                  |   killed by a    |
                  | hallucinogen-dis |
                  | torted hill orc  |
                  |                  |
                  |       2026       |
                 *|     *  *  *      | *
        _________)/\\_//(\/(/\)/\//\/|_)_______

Farvel Kwijibo4686 the Valkyrie...

You died in The Dungeons of Doom on dungeon level 6 with 27174 points,
and 691 pieces of gold, after 12401 moves.
You were level 10 with a maximum of 72 hit points when you died.

